 Dungeon Crawl Stone Soup version 0.18.1-6-gd335043 (webtiles) character file.

5881 imphell the Fighter (level 10, -6/101 HPs)
             Began as a Minotaur Fighter on May 20, 2016.
             Was a Priest of Okawaru.
             Mangled by a blink frog (9 damage)
             ... on level 1 of the Lair of Beasts.
             The game lasted 00:35:13 (7209 turns).

imphell the Fighter (Minotaur Fighter)              Turns: 7209, Time: 00:35:14

Health: -6/101     AC: 12    Str: 22    XL:     10   Next: 52%
Magic:  0/9        EV:  6    Int:  8    God:    Okawaru [***...]
Gold:   268        SH:  0    Dex:  6    Spells: 0 memorised, 9 levels left

rFire  + . .     SeeInvis +     B - +2 battleaxe (freeze)
rCold  + . .     Gourm    .     y - +0 plate armour
rNeg   . . .     Faith    .     (shield currently unavailable)
rPois  .         Spirit   +     (helmet restricted)
rElec  .         Dismiss  .     w - +0 cloak
rCorr  .         Reflect  .     (no gloves)
SustAt .         Harm     .     (no boots)
MR     .....                    i - amulet of guardian spirit
Stlth  ..........               A - ring of see invisible
                                e - ring of protection from fire

@: mighty, not resistant to hostile enchantments, extremely unstealthy
A: retaliatory headbutt, horns 2, clumsy 2, cold resistance 1, screaming 1, weak
2, wild magic 1
a: Heroism, Renounce Religion


You were on level 1 of the Lair of Beasts.
You worshipped Okawaru.
Okawaru was most pleased with you.
You were not hungry.

You visited 3 branches of the dungeon, and saw 10 of its levels.

You collected 358 gold pieces.
You spent 90 gold pieces at shops.

Inventory:

Hand Weapons
 a - a +0 war axe
 l - a +1 hand axe of flaming
 z - a +2 long sword of holy wrath
 B - a +2 battleaxe of freezing (weapon)
Armour
 p - a +0 scale mail
 t - a +0 troll leather armour {Purgy}
 w - a +0 cloak (worn)
 y - a +0 plate armour (worn)
Jewellery
 e - a ring of protection from fire (left hand)
 i - an amulet of guardian spirit (around neck)
 n - a cursed ring of loudness {unknown}
 A - a ring of see invisible (right hand)
 E - an uncursed ring of sustain attributes {unknown}
Wands
 o - a wand of digging (0/24)
 r - a wand of confusion (30/48)
 s - a wand of flame (9/48)
 x - a wand of lightning (11/15)
 D - a wand of acid (6/15)
 G - a wand of iceblast (6/15)
Scrolls
 b - 2 scrolls of remove curse
 j - 3 scrolls of teleportation
 C - a scroll of magic mapping
 F - 3 scrolls of identify
Potions
 d - a potion of might
 g - a potion of cure mutation {unknown}
 h - 5 potions of haste
 m - a potion of agility
 q - a potion of curing
 u - a potion of heal wounds
 v - 3 potions of lignification {unknown}
Books
 k - a book of the Tempests

   Spells                             Type                      Level
   a - Static Discharge               Conjuration/Air              3
   b - Lightning Bolt                 Conjuration/Air              5
   c - Fireball                       Conjuration/Fire             5
   d - Tornado                        Air                          9
   e - Shatter                        Earth                        9
Comestibles
 c - a meat ration
 f - 8 bread rations
 H - 5 chunks of flesh


   Skills:
 * Level 13.4 Fighting
 * Level 13.1 Axes
 - Level 3.6 Armour
   Level 3.6 Shields


You had 9 spell levels left.
You didn't know any spells.

Dungeon Overview and Level Annotations

Branches:
Dungeon (8/15)             Temple (1/1) D:7            Lair (1/8) D:8

Altars:
Ashenzari
Cheibriados
Dithmenos
Fedhas
Gozag
Kikubaaqudgha
Makhleb
Nemelex Xobeh
Okawaru
Pakellas
Qazlal
Ru
Sif Muna
Trog
Vehumet
Xom
Yredelemnul
Zin
The Shining One

Shops:
D:8 **}[


Innate Abilities, Weirdness & Mutations

You reflexively headbutt those who attack you in melee.
You have a pair of horns on your head.
You are very clumsy. (Dex -4)
Your flesh is cold resistant.
You occasionally shout uncontrollably at your foes.
You are very weak. (Str -4)
Your spells are a little harder to cast, but a little more powerful.


Message History

The blink frog blinks!
The blink frog barely misses you. You furiously retaliate!
You headbutt the blink frog. The blink frog hits you.
You barely miss the blink frog.
The blink frog is heavily wounded.
You miss the blink frog.
The blink frog is moderately wounded.
The blink frog barely misses you. The blink frog hits you! x2
* * * LOW HITPOINT WARNING * * *
You are too injured to fight recklessly!
Drink which item? (? for menu, Esc to quit)
You feel very mighty all of a sudden. The blink frog hits you!
* * * LOW HITPOINT WARNING * * *
The blink frog barely misses you. You furiously retaliate!
You headbutt the blink frog! The blink frog hits you!
* * * LOW HITPOINT WARNING * * *
The blink frog hits you!
* * * LOW HITPOINT WARNING * * *
The blink frog hits you!
You die...

#### ## ##..# ##.#
##..## ##..# ##....#
#...# #####.....####...#
..#..####..##....###
....## #..........###..
.....## ##.##.#.FF......
.......##..#####@F......
..........## #F.......
.##....... ##.......
..#......# ....#..
#...#....# .......
##.......# .#P.... .....
##..... ..... ##P#. #...


You could see 4 blink frogs.

Vanquished Creatures
  The ghost of MenacingMecha the Arsonist, a novice DEFE of Vehumet (D:8)
  2 spiny frogs (Lair:1)
  A komodo dragon (Lair:1)
  Grinder (D:3)
  A blink frog (Lair:1)
  A spriggan (D:7)
  Sigmund (D:4)
  A wyvern (D:8)
  A wraith (D:8)
  2 hippogriffs
  2 porcupines (Lair:1)
  Purgy (D:4)
  3 sky beasts
  A black bear (D:7)
  2 ogres
  A necrophage (D:8)
  3 centaurs
  An elf zombie (D:8)
  A crocodile (D:7)
  3 giant frogs
  3 killer bees (D:8)
  6 wights
  3 howler monkeys
  A crimson imp (D:8)
  4 human zombies (D:8)
  A centaur zombie (D:5)
  4 orc priests
  2 centaur skeletons
  4 hounds
  A giant frog skeleton (D:8)
  5 orc wizards
  Natasha (thrice) (D:4)
  4 human skeletons (D:8)
  4 iguanas
  5 worker ants
  A killer bee zombie (D:7)
  A hound zombie (D:6)
  2 hound skeletons (D:4)
  A mummy (D:8)
  A howler monkey zombie (D:6)
  4 gnolls (D:4)
  9 adders
  A shadow imp (D:7)
  3 oozes
  An adder zombie (D:5)
  2 adder skeletons (D:6)
  4 worms
  6 dart slugs
  2 giant geckos (D:4)
  14 orcs
  3 ball pythons
  6 bats
  6 giant cockroaches
  5 goblins
  10 hobgoblins
  5 jackals
  A quokka (D:8)
  6 giant newts
  11 kobolds
  7 rats
  A plant (D:5)
193 creatures vanquished.

Notes
Turn   | Place    | Note
--------------------------------------------------------------
     0 | D:1      | imphell the Minotaur Fighter began the quest for the Orb.
     0 | D:1      | Reached XP level 1. HP: 19/19 MP: 0/0
   120 | D:1      | Reached XP level 2. HP: 27/27 MP: 1/1
   314 | D:1      | Reached XP level 3. HP: 23/33 MP: 2/2
   835 | D:2      | Reached XP level 4. HP: 26/41 MP: 3/3
   952 | D:2      | Reached skill level 5 in Fighting
  1575 | D:2      | Found a snail-covered altar of Cheibriados.
  1968 | D:3      | Noticed Grinder
  2001 | D:3      | Paralysed by Grinder for 3 turns
  2033 | D:3      | Killed Grinder
  2033 | D:3      | Reached skill level 5 in Axes
  2033 | D:3      | Reached XP level 5. HP: 24/51 MP: 4/4
  2033 | D:3      | Reached XP level 6. HP: 27/58 MP: 5/5
  2467 | D:3      | Found a burning altar of Makhleb.
  2569 | D:4      | Found a glowing golden altar of the Shining One.
  2572 | D:4      | Noticed an angel
  2735 | D:4      | Noticed Sigmund
  2755 | D:4      | Killed Sigmund
  2755 | D:4      | Reached XP level 7. HP: 46/66 MP: 6/6
  3040 | D:4      | Noticed Natasha
  3044 | D:4      | Killed Natasha
  3086 | D:4      | Found a basalt altar of Yredelemnul.
  3089 | D:4      | Noticed a profane servitor
  3164 | D:4      | Noticed Natasha
  3173 | D:4      | Killed Natasha
  3187 | D:4      | Noticed Purgy
  3195 | D:4      | Killed Purgy
  3311 | D:4      | Noticed Natasha
  3317 | D:4      | Killed Natasha
  3457 | D:5      | Entered Level 5 of the Dungeon
  3607 | D:5      | Reached XP level 8. HP: 64/75 MP: 4/7
  3728 | D:5      | Found a sacrificial altar of Ru.
  3873 | D:5      | Found a shimmering altar of Xom.
  4103 | D:6      | Gained mutation: Your flesh is cold resistant. [mutagenic meat]
  4104 | D:6      | Gained mutation: You are clumsy. (Dex -2) [mutagenic meat]
  4105 | D:6      | Gained mutation: You are weak. (Str -2) [mutagenic meat]
  4106 | D:6      | Gained mutation: You are very weak. (Str -4) [mutagenic meat]
  4159 | D:6      | Found a bloodstained altar of Trog.
  4203 | D:6      | Found an oddly glowing altar of Pakellas.
  4236 | D:6      | Reached skill level 10 in Fighting
  4564 | D:7      | Found a staircase to the Ecumenical Temple.
  4573 | D:7      | Reached skill level 10 in Axes
  4590 | D:7      | Reached XP level 9. HP: 35/86 MP: 0/8
  4765 | Temple   | Entered the Ecumenical Temple
  4778 | Temple   | Became a worshipper of Warmaster Okawaru
  5526 | D:8      | Found Kiqog's General Store.
  5534 | D:8      | Bought a scroll of identify for 30 gold pieces
  5534 | D:8      | Bought a scroll of identify for 30 gold pieces
  5534 | D:8      | Bought a scroll of identify for 30 gold pieces
  5578 | D:8      | Found a staircase to the Lair.
  5606 | D:8      | Reached * piety under Okawaru
  5616 | D:8      | Found Odghux's General Store.
  5689 | D:8      | Noticed MenacingMecha's ghost (novice DEFE)
  5695 | D:8      | Killed MenacingMecha's ghost
  5698 | D:8      | Reached ** piety under Okawaru
  6011 | D:8      | Gained mutation: You are very clumsy. (Dex -4) [mutagenic meat]
  6016 | D:8      | Gained mutation: Your spells are a little harder to cast, but a little more powerful. [mutagenic meat]
  6017 | D:8      | Gained mutation: You occasionally shout uncontrollably at your foes. [mutagenic meat]
  6036 | D:8      | Found Asyaxt's Gadget Boutique.
  6074 | D:8      | Reached XP level 10. HP: 99/99 MP: 9/9
  6189 | D:8      | Found Seiplek's Antique Armour Shop.
  6383 | D:8      | Found an ancient bone altar of Kikubaaqudgha.
  6701 | Lair:1   | Entered Level 1 of the Lair of Beasts
  6748 | Lair:1   | Noticed a spiny frog
  6758 | Lair:1   | Killed a spiny frog
  6860 | Lair:1   | Noticed a spiny frog
  6866 | Lair:1   | Killed a spiny frog
  6866 | Lair:1   | Reached *** piety under Okawaru
  7209 | Lair:1   | HP: 3/101 [blink frog (8)]
  7209 | Lair:1   | Mangled by a blink frog

Skill      XL: |  1  2  3  4  5  6  7  8  9 10 |
---------------+-------------------------------+-----
Fighting       | 4 6 7 8 10 12 13 | 13.4
Axes           | 3 4 5 7 8 10 12 13 | 13.1
Armour         | |  3.6
Shields        | |  3.6

Action                   |  1- 3 |  4- 6 |  7- 9 | 10-12 || total
-------------------------+-------+-------+-------+-------++-------
Melee: War axe           |   110 |   152 |   213 |       ||   475
       Headbutt          |     7 |    19 |    55 |    15 ||    96
       Battleaxe         |       |       |    77 |   114 ||   191
Evoke: Wand              |       |       |     1 |       ||     1
  Use: Potion            |       |     8 |     9 |     2 ||    19
       Scroll            |       |     6 |     7 |       ||    13
 Stab: Invisible         |       |       |     1 |       ||     1
  Eat: Chunk             |       |     7 |    18 |     3 ||    28
       Royal jelly       |       |       |     1 |       ||     1
Armor: Scale mail        |    41 |    42 |    68 |       ||   151
       Plate armour      |       |       |   126 |    55 ||   181
Dodge: Dodged            |    39 |    38 |    78 |    30 ||   185
Block: Shield            |    57 |    63 |   100 |       ||   220
